AoeStats
← Joaquito

Arena

505242066Analyzed
4v4 RM · 24d ago on Sep 8, 2026· 59m 28s· 8 players
Game mode
Random Map
Map size
Large (8 player)
Population
200
Speed
Normal
Resources
Standard
Victory
Conquest
Starting age
Dark Age
Ending age
Imperial Age
RankedLock teamsTeams togetherTeam positionsShared explorationLock speedFull tech treeHidden civsTurbo modeCheats
Victory
Defeat
1025
+15
🇲🇰 Lithuanians · North Macedonia
1002
+16
🇲🇰 Vikings · North Macedonia
985
+16
🇩🇪 Italians · Germany
962
+17
🇨🇱 Wei · Chile
1066
-18
🇨🇱 Turks · Chile
983
-16
🇨🇱 Byzantines · Chile
964
-15
🇨🇱 Persians · Chile
963
-15
XJakeTheRipper7
3:01 Loom
12:16 Feudal Age
13:41 Wheelbarrow
12:54 Double-Bit Axe
12:50 Horse Collar
20:01 Castle Age
21:18 Hand Cart
21:15 Bow Saw
21:03 Stone Mining
21:19 Gold Mining
26:10 Ballistics
26:58 Stone Shaft Mining
26:24 Heavy Plow
27:30 Padded Archer Armor
28:41 Fortified Wall
28:12 Treadmill Crane
28:27 Town Watch
30:19 Fletching
30:45 Leather Archer Armor
30:55 Squires
31:10 Arson
31:40 Bodkin Arrow
33:49 Thumb Ring
33:04 Crossbowman
34:09 Masonry
36:11 Scale Barding Armor
36:16 Forging
37:18 Murder Holes
37:38 Husbandry
36:59 Light Cavalry
37:50 Bloodlines
39:41 Forging
41:03 Chain Barding Armor
41:48 Iron Casting
47:23 Imperial Age
47:29 Imperial Age
48:07 Coinage
47:39 Caravan
49:51 Crop Rotation
50:22 Two-Man Saw
50:11 Plate Barding Armor
50:36 Blast Furnace
50:57 Chemistry
50:27 Architecture
50:22 Conscription
50:54 Hussar
52:40 Bracer
Илић | neoxa
5:07 Loom
12:22 Feudal Age
16:04 Castle Age
15:00 Stone Mining
14:58 Double-Bit Axe
14:55 Horse Collar
18:51 Gold Mining
19:23 Bow Saw
21:11 Fervor
23:05 Heavy Plow
23:02 Pikeman
28:52 Wheelbarrow
32:32 Imperial Age
31:50 Scale Barding Armor
31:54 Husbandry
32:39 Bloodlines
32:41 Forging
33:06 Chain Barding Armor
32:59 Elite Leitis
34:01 Conscription
34:37 Hand Cart
35:42 Chemistry
35:02 Ballistics
34:55 Masonry
35:33 Tower Shields
37:09 Crop Rotation
37:55 Two-Man Saw
36:47 Halberdier
37:27 Squires
37:12 Arson
39:45 Plate Barding Armor
39:10 Scale Mail Armor
39:46 Iron Casting
46:46 Chain Mail Armor
52:32 Padded Archer Armor
52:23 Fletching
54:21 Light Cavalry
goku | neoxa
11:41 Feudal Age
15:52 Castle Age
15:00 Double-Bit Axe
14:57 Horse Collar
16:57 Bow Saw
16:47 Loom
22:59 Scale Barding Armor
25:40 Scale Mail Armor
26:41 Forging
28:16 Chieftains
28:45 Gold Mining
30:00 Chain Mail Armor
34:02 Imperial Age
32:20 Iron Casting
34:03 Elite Berserk
35:48 Blast Furnace
37:26 Plate Mail Armor
39:55 Fletching
40:36 Squires
39:57 Pikeman
44:50 Conscription
57:21 Heavy Plow
一刀九千九百九十九
11:07 Feudal Age
11:22 Loom
15:26 Castle Age
13:18 Double-Bit Axe
16:16 Loom
16:53 Horse Collar
18:31 Wheelbarrow
18:07 Bow Saw
21:54 Hand Cart
24:28 Town Watch
30:44 Imperial Age
28:45 Heavy Plow
28:36 Gold Mining
28:36 Stone Mining
29:55 Town Patrol
30:49 Stone Shaft Mining
30:49 Gold Shaft Mining
32:35 Two-Man Saw
31:37 Fletching
32:04 Treadmill Crane
33:25 Chemistry
36:26 Bodkin Arrow
36:47 Masonry
36:42 Siege Engineers
36:21 Capped Ram
38:44 Bracer
38:09 Elite Skirmisher
40:20 Scale Barding Armor
43:03 Squires
42:49 Gambesons
42:28 Pikeman
43:12 Husbandry
44:55 Thumb Ring
45:02 Forging
44:56 Scale Mail Armor
45:11 Light Cavalry
47:08 Chain Barding Armor
47:24 Iron Casting
50:39 Architecture
50:00 Heated Shot
50:31 Ballistics
49:59 Arrowslits
50:35 Caravan
52:28 Halberdier
52:30 Elite Fire Lancer
52:56 Arson
53:38 Chain Mail Armor
53:36 Fortified Wall
53:21 Murder Holes
53:55 Shinkichon
54:49 Hussar
56:09 Cavalier
57:32 Plate Mail Armor
Arzzeus
5:02 Loom
8:25 Feudal Age
15:05 Castle Age
13:54 Double-Bit Axe
14:56 Stone Mining
16:34 Wheelbarrow
16:46 Horse Collar
21:55 Heavy Plow
27:13 Hand Cart
32:06 Imperial Age
30:26 Town Watch
30:38 Gold Mining
32:12 Elite War Elephant
33:56 Gold Shaft Mining
37:19 Stone Shaft Mining
39:21 Town Patrol
40:15 Citadels
41:48 Hoardings
42:31 Chemistry
cacadecaca38
9:47 Feudal Age
12:03 Loom
15:30 Castle Age
13:30 Stone Mining
19:57 Double-Bit Axe
23:10 Gold Mining
27:19 Horse Collar
27:52 Bow Saw
32:00 Imperial Age
32:48 Heavy Plow
33:20 Scale Barding Armor
33:26 Forging
33:57 Conscription
37:03 Two-Man Saw
36:34 Crop Rotation
36:42 Gold Shaft Mining
36:43 Stone Shaft Mining
37:14 Caravan
39:10 Wheelbarrow
39:04 Logistica
39:38 Iron Casting
39:34 Thumb Ring
40:21 Hand Cart
39:47 Crossbowman
40:57 Arbalester
43:02 Fletching
43:13 Padded Archer Armor
43:35 Chain Barding Armor
43:07 Treadmill Crane
44:42 Chemistry
44:03 Ballistics
47:24 Husbandry
47:09 Elite Cataphract
49:00 Cavalier
51:12 Onager
51:49 Paladin
53:41 Bodkin Arrow
54:01 Leather Archer Armor
54:23 Plate Barding Armor
Drookns
11:36 Feudal Age
15:18 Castle Age
14:14 Double-Bit Axe
17:32 Loom
17:57 Horse Collar
20:09 Wheelbarrow
19:25 Town Watch
25:22 Hand Cart
25:08 Town Patrol
31:03 Imperial Age
28:41 Padded Archer Armor
30:29 Leather Archer Armor
30:29 Bow Saw
30:24 Heavy Plow
32:03 Elite Janissary
33:06 Conscription
33:42 Ring Archer Armor
35:47 Artillery
37:20 Heavy Scorpion
39:20 Gold Mining
46:11 Fletching
48:46 Fortified Wall
48:41 Bodkin Arrow
51:08 Bloodlines
50:58 Husbandry
51:54 Scale Mail Armor
52:02 Scale Barding Armor
52:07 Forging
52:54 Scale Mail Armor
53:17 Chain Barding Armor
54:20 Iron Casting
58:43 Plate Barding Armor
59:09 Blast Furnace
Joaquito
11:05 Feudal Age
12:39 Double-Bit Axe
15:08 Castle Age
12:58 Double-Bit Axe
14:58 Horse Collar
17:56 Bow Saw
23:02 Wheelbarrow
23:15 Heavy Plow
23:21 Gold Mining
24:24 Stone Mining
26:33 Hand Cart
29:32 Imperial Age
27:46 Hand Cart
28:39 Devotion
29:06 Scale Barding Armor
29:12 Forging
29:02 Scale Mail Armor
29:06 Loom
30:10 Gold Shaft Mining
30:13 Stone Shaft Mining
29:50 Town Watch
30:41 Conscription
30:42 Elite Tiger Cavalry
32:43 Iron Casting
33:03 Chain Barding Armor
33:40 Sanctity
34:22 Crop Rotation
34:22 Ming Guang Armor
35:30 Blast Furnace
38:03 Fletching
38:13 Padded Archer Armor
39:58 Parthian Tactics
39:40 Bodkin Arrow
40:00 Leather Archer Armor
42:37 Bracer
43:08 Ring Archer Armor
44:29 Heated Shot
45:03 Ballistics
46:29 Chemistry
46:05 Scale Mail Armor
45:29 Pikeman
46:09 Squires
49:10 Elite Skirmisher
Connection lost

Rejoining the realm…

Still unreachable

The connection could not be restored.

Session expired

The server has moved on; the page needs a fresh start.